 Dungeon Crawl Stone Soup version 0.28-a0-1638-g9123634e07 (webtiles) character file.

Game seed: 12182644280465129962

65 hashsling the Chiller (level 4, 0/30 HPs)
             Began as a Merfolk Ice Elementalist on Jan 25, 2022.
             Slain by Terence (8 damage)
             ... on level 3 of the Dungeon.
             The game lasted 00:05:22 (3240 turns).

hashsling the Chiller (Merfolk Ice Elementalist)    Turns: 3240, Time: 00:05:22

Health: 0/30       AC:  3    Str:  8    XL:     4   Next: 14%
Magic:  0/7        EV: 13    Int: 16    God:
Gold:   105        SH:  0    Dex: 14    Spells: 0/7 levels left

rFire   . . .      SeeInvis .   c - +0 war axe
rCold   . . .      Faith    .   (no shield)
rNeg    . . .      Spirit   .   a - +0 robe
rPois   .          Reflect  .   (no helmet)
rElec   .          Harm     .   h - +0 cloak
rCorr   .          Rampage  .   (no gloves)
Will    .....                   (no boots)
Stlth   ++........              (no amulet)
HPRegen 0.10/turn               b - ring of flight
MPRegen 0.10/turn               (no ring)

@: flying
A: (nimble swimmer 2), mertail
a: no special abilities


You were on level 3 of the Dungeon.
You visited 1 branch of the dungeon, and saw 3 of its levels.

You collected 105 gold pieces.

Inventory:

Hand Weapons
 c - a +0 war axe (weapon)
Armour
 a - a +0 robe (worn)
 h - a +0 cloak (worn)
Jewellery
 b - a ring of flight (left hand)
 e - an amulet of guardian spirit
 m - a ring of protection from cold
Scrolls
 f - 2 scrolls of teleportation {unknown}
 i - a scroll of identify {unknown}
 k - a scroll of immolation {unknown}
 l - a scroll of vulnerability {unknown}
Potions
 d - a potion of mutation {unknown}
 g - a potion of might {unknown}
 j - a potion of curing {unknown}


   Skills:
 * Level 4.0 Dodging
 + Level 2.7 Stealth
 + Level 2.4 Spellcasting
 * Level 4.9 Ice Magic


You couldn't memorise any spells.
You knew the following spells:

 Your Spells              Type           Power      Damage    Failure   Level
a - Freeze                Ice            68%        1d8       2%          1
b - Ozocubu's Armour      Ice            17%        N/A       8%          3
c - Frozen Ramparts       Ice            34%        1d5       8%          3

Your spell library contained the following spells:

 Spells                   Type           Power      Damage    Failure   Level
 Sublimation of Blood     Necr           1%         N/A       30%         2
 Hailstorm                Conj/Ice       9%         3d4       56%         4
 Petrify                  Tmut/Erth      1%         N/A       89%         4
 Irradiate                Conj/Tmut      0%         3d14      99%         5


Dungeon Overview and Level Annotations

Branches:
Dungeon (3/15)

Altars:
Hepliaklqana

Annotations:
D:3 1 runed translucent door, Crazy Yiuf, Sigmund, Terence


Innate Abilities, Weirdness & Mutations

((You are very nimble when in or above water. (Stealth+, EV+, Speed+++)))
Your lower body shifts to a powerful aquatic tail in water.


Message History

The spell is quite dangerous to miscast (8% risk of failure)!
Continue anyway?
A film of ice covers your body!
Terence says, "Don't bother to defend, it's useless."
Casting: Ozocubu's Armour (quite dangerous; 8% risk of failure)
Confirm with . or Enter, or press ? or * to list all spells.
The spell is quite dangerous to miscast (8% risk of failure)!
Continue anyway?
Casting: Frozen Ramparts (quite dangerous; 8% risk of failure)
Press: ? - help, Dir - look around, f - activate The walls around you are covered in ice.
Terence resists.
The wall freezes Terence.
Terence completely misses you.
Terence resists.
The wall freezes Terence.
Terence hits you from afar with a +0 trident.
Terence resists.
The wall freezes Terence.
Terence closely misses you.
Terence resists.
The wall freezes Terence.
Terence barely misses you.
The frozen ramparts melt away.
Terence hits you but does no damage.
Your icy armour will break if you move.
Continue?
Your icy armour cracks and falls away as you move.
Terence barely misses you.
Casting: Frozen Ramparts (quite dangerous; 8% risk of failure)
Confirm with . or Enter, or press ? or * to list all spells.
Aiming: Freeze (safe; 2% risk of failure)
Press: ? - help, Shift-Dir - straight line, f - Terence
Aim: Terence, wielding a +0 trident and wearing a +0 chain mail of cold resistance (moderately wounded)
You freeze Terence but do no damage.
Terence completely resists.
Terence hits you with a +0 trident!
Unknown command.
Casting: Freeze (safe; 2% risk of failure)
Confirm with . or Enter, or press ? or * to list all spells.
Aiming: Freeze (safe; 2% risk of failure)
Press: ? - help, Shift-Dir - straight line, f/p - Terence
Aim: Terence, wielding a +0 trident and wearing a +0 chain mail of cold resistance (moderately wounded)
You freeze Terence.
Terence resists.
Terence is heavily wounded.
Terence bares his teeth.
Terence hits you with a +0 trident!
* * * LOW HITPOINT WARNING * * *
You hit Terence but do no damage.
Terence is heavily wounded.
Terence hits you with a +0 trident!
You die...

#.P.P.§§§..# ##.##
#......## #.#P§PP§P..#
### #.######
#...§..P..## #.##
#P.P§#§#...########...
#P....#.#...........#
####P..####.##...##.#
##...###.##...##.#.#
##.....##..........#
#.......@@........#.#
##.....##.............
##...###.##.....!!.##
##.## #..........##
#.# ####...##.## #.#
##### .# #. .#


You could see Terence.

Vanquished Creatures
  2 worms (D:3)
  A dart slug (D:2)
  5 orcs (D:3)
  4 bats
  4 endoplasms
  A giant cockroach (D:1)
  7 goblins
  3 hobgoblins
  4 jackals (D:2)
  4 quokkas
  3 ball pythons
  3 frilled lizards
  3 kobolds
  2 rats
46 creatures vanquished.

Notes
Turn   | Place    | Note
-------+----------+-------------------------------------------
     0 | D:1      | hashsling the Merfolk Ice Elementalist began the quest for
                  | the Orb.
     0 | D:1      | Reached XP level 1. HP: 13/13 MP: 3/3
     6 | D:1      | Noticed a hound
     6 | D:1      | Noticed a black bear
     6 | D:1      | Noticed a wyvern
     6 | D:1      | Noticed a salamander
   245 | D:1      | Reached XP level 2. HP: 5/19 MP: 1/5
  1035 | D:1      | Found a faded altar of an unknown god.
  1472 | D:2      | Reached XP level 3. HP: 23/24 MP: 6/6
  2514 | D:3      | Noticed Sigmund
  2523 | D:3      | Learned a level 3 spell: Ozocubu's Armour
  2994 | D:3      | Reached XP level 4. HP: 24/30 MP: 3/7
  3012 | D:3      | Learned a level 3 spell: Frozen Ramparts
  3161 | D:3      | Found a runed translucent door.
  3162 | D:3      | Noticed Crazy Yiuf
  3191 | D:3      | Found a hazy altar of Hepliaklqana.
  3221 | D:3      | Noticed Terence
  3240 | D:3      | Slain by Terence

Illustrated notes

Levels and vault maps discovered:
D:1:      onia_arrival_zoo_common, layout_loops_ring,
          hellmonk_ecumenical_altar_run_dry
D:2:      layout_loops_corners
D:3:      layout_loops_corners, cheibriados_altar_1,
          nicolae_hepliaklqana_hazy_memory, lemuel_crystal_altar, uniq_grinder,
          uniq_terence, uniq_crazy_yiuf_cottage, uniq_sigmund

Skill      XL: |  1  2  3  4 |
---------------+-------------+-----
Dodging        | 3 4 |  4.0
Stealth        | |  2.7
Spellcasting   | |  2.4
Ice Magic      | |  4.9

Action                   |  1- 3 |  4- 6 || total
-------------------------+-------+-------++-------
Melee: War axe           |    90 |    17 ||   107
       Punch             |     2 |       ||     2
 Cast: Freeze            |    20 |     2 ||    22
       Ozocubu's Armour  |     1 |     1 ||     2
       Frozen Ramparts   |       |     1 ||     1
 Stab: Sleeping          |     5 |     1 ||     6
Armor: Robe              |    23 |    11 ||    34
Dodge: Dodged            |   115 |     9 ||   124

Table legend: (Time is in decaauts)
 A = Elapsed time spent in this place.
 B = Non-inter-level travel time spent in this place.
 C = Inter-level travel time spent in this place.
 D = Time resting spent in this place.
 E = Time spent auto-exploring this place.
 F = Levels seen in this place.
 G = Mean time per level.
                   A        B        C        D        E       F      G
               +--------+--------+--------+--------+--------+-----+--------+
         Total |   3291 |   3230 |     61 |      0 |   2749 |   3 | 1097.0 |
       Dungeon |   3291 |   3230 |     61 |      0 |   2749 |   3 | 1097.0 |
               +--------+--------+--------+--------+--------+-----+--------+

Top non-repeatable levels by time:
     D:1: 1297 daAuts
     D:2: 1247 daAuts
     D:3: 746 daAuts
